AoeStats
← lfherreraz

Arena

507917636Analyzed
4v4 RM · 12d ago on Sep 20, 2026· 60m 45s· 8 players
Game mode
Random Map
Map size
Large (8 player)
Population
200
Speed
Normal
Resources
Standard
Victory
Conquest
Starting age
Dark Age
Ending age
Imperial Age
RankedLock teamsTeams togetherTeam positionsShared explorationLock speedFull tech treeHidden civsTurbo modeCheats
Victory
Defeat
🇧🇬 Magyars · Bulgaria
785
+12
🇦🇷 Koreans · Argentina
755
+13
🇮🇳 Persians · India
659
+17
🇹🇼 Spanish · Taiwan
554
+21
🇮🇳 Britons · India
764
-19
🇺🇸 Japanese · United States
717
-36
🇨🇳 Shu · China
654
-15
🇨🇴 Koreans · Colombia
580
-12
Fireballa9
8:25 Loom
10:50 Feudal Age
9:31 Loom
17:23 Castle Age
17:59 Double-Bit Axe
18:00 Horse Collar
19:58 Gold Mining
21:05 Scale Mail Armor
22:50 Gold Shaft Mining
33:34 Wheelbarrow
39:08 Squires
38:28 Pikeman
42:53 Heavy Plow
47:57 Imperial Age
45:46 Hand Cart
48:04 Halberdier
lfherreraz
0:28 Loom
11:30 Feudal Age
12:50 Wheelbarrow
12:06 Double-Bit Axe
12:30 Town Watch
12:35 Horse Collar
20:34 Castle Age
20:37 Pikeman
22:59 Hand Cart
23:26 Heavy Plow
23:30 Squires
25:59 Town Patrol
35:15 Imperial Age
35:25 Halberdier
35:51 Arson
37:32 Forging
37:22 Scale Mail Armor
37:27 Scale Barding Armor
37:12 Fletching
41:40 Chain Mail Armor
42:00 Iron Casting
41:46 Chain Barding Armor
41:21 Bodkin Arrow
41:29 Bodkin Arrow
41:55 Chain Barding Armor
42:07 Elite Skirmisher
42:08 Crossbowman
42:53 Thumb Ring
43:37 Arbalester
44:49 Murder Holes
45:04 Fortified Wall
48:57 Bracer
49:32 Plate Mail Armor
53:10 Bow Saw
57:37 Caravan
BABA_CHUTMARIKE
9:56 Feudal Age
10:46 Double-Bit Axe
15:25 Castle Age
16:46 Bow Saw
16:37 Horse Collar
17:28 Heavy Plow
18:38 Wheelbarrow
24:16 Hand Cart
27:56 Gold Mining
28:03 Stone Mining
31:00 Imperial Age
28:16 Loom
29:43 Gold Shaft Mining
29:54 Treadmill Crane
30:25 Masonry
30:51 Fletching
31:01 Padded Archer Armor
31:57 Ballistics
31:46 Bodkin Arrow
32:27 Conscription
32:30 Yeomen
31:31 Elite Longbowman
32:59 Hoardings
33:47 Chemistry
33:19 Architecture
33:03 Siege Engineers
34:07 Bracer
34:22 Leather Archer Armor
34:30 Murder Holes
35:36 Warwolf
44:53 Gambesons
45:08 Squires
44:54 Arson
44:30 Pikeman
45:46 Ring Archer Armor
45:17 Scale Mail Armor
45:28 Forging
46:05 Halberdier
48:16 Chain Mail Armor
48:37 Iron Casting
50:03 Plate Mail Armor
51:31 Blast Furnace
53:25 Elite Skirmisher
蟹不肉
12:46 Loom
FluxyAshYT
13:38 Feudal Age
18:17 Castle Age
17:39 Double-Bit Axe
17:48 Stone Mining
17:52 Gold Mining
25:39 Horse Collar
32:18 Imperial Age
30:03 Scale Barding Armor
31:38 Crossbowman
33:03 Wheelbarrow
31:56 Elite War Elephant
33:54 Forging
35:10 Chain Barding Armor
35:25 Town Watch
36:10 Thumb Ring
37:09 Plate Barding Armor
36:39 Kamandaran
38:48 Heavy Plow
38:40 Fletching
38:50 Padded Archer Armor
49:23 Husbandry
50:22 Bloodlines
51:21 Light Cavalry
55:15 Bodkin Arrow
56:49 Elite Skirmisher
60:27 Caravan
60:23 Capped Ram
PaTrick Sun
10:58 Feudal Age
12:15 Feudal Age
13:00 Horse Collar
13:13 Double-Bit Axe
18:45 Castle Age
18:29 Bloodlines
18:13 Fletching
20:06 Stone Mining
21:56 Stone Shaft Mining
21:17 Gold Mining
22:21 Ballistics
24:39 Bow Saw
24:51 Heavy Plow
26:48 Bodkin Arrow
31:50 Wheelbarrow
31:05 Loom
36:33 Imperial Age
34:36 Scale Barding Armor
36:29 Chain Barding Armor
37:41 Bracer
38:17 Plate Barding Armor
38:46 Chemistry
40:00 Two-Man Saw
38:53 Cavalier
40:47 Forging
41:35 Elite Conquistador
43:01 Conscription
45:40 Masonry
47:09 Paladin
59:51 Husbandry
60:30 Iron Casting
IskoB
10:58 Feudal Age
10:36 Loom
13:27 Horse Collar
13:34 Double-Bit Axe
16:38 Castle Age
SherlockLopez Arg.
1:12 Loom
11:55 Feudal Age
12:27 Double-Bit Axe
12:27 Horse Collar
12:43 Gold Mining
12:54 Stone Mining
16:21 Wheelbarrow
16:33 Horse Collar
23:11 Castle Age
22:44 Fletching
23:05 Forging
24:07 Bow Saw
24:39 Scale Barding Armor
32:03 Hand Cart
37:28 Imperial Age
35:36 Scale Mail Armor
36:25 Eupseong
36:13 Treadmill Crane
38:22 Gold Shaft Mining
38:34 Conscription
40:05 Chemistry
40:57 Bodkin Arrow
41:37 Iron Casting
41:23 Chain Barding Armor
40:38 Elite War Wagon
41:34 Murder Holes
42:39 Bracer
43:18 Fortified Wall
43:29 Ballistics
44:36 Siege Engineers
45:22 Caravan
45:33 Guilds
46:50 Two-Man Saw
46:28 Heavy Rocket Cart
49:00 Masonry
48:36 Arrowslits
49:02 Town Watch
52:23 Shinkichon
53:11 Thumb Ring
54:48 Elite Skirmisher
Connection lost

Rejoining the realm…

Still unreachable

The connection could not be restored.

Session expired

The server has moved on; the page needs a fresh start.